Map: Berlingrad LE

Players

GamerSmegma

  • Race: Zerg Zerg
  • League: Platinum

Siska - Winner!

  • Race: Protoss Protoss

VOD

Have the link to the VOD?

Description

Time

  • Played on: Nov. 24, 2021, 11:14 a.m.
  • Length: 7:05
Show
View Real Time Build Order
Export as new Build Order

GamerSmegma Zerg 

Build Orders: Hatch First 

Get SALT Encoding   

  12  0:02  Drone  
  13  0:08  Drone  
  14  0:16  Overlord  
  14  0:35  Drone x2  
  16  0:36  Drone  
  17  0:46  Drone  
  18  0:57  Hatchery  
  18  1:00  Drone  
  18  1:12  Spawning Pool  
  18  1:14  Drone  
  18  1:20  Drone  
  19  1:29  Drone  
  20  1:39  Drone  
  21  1:50  Overlord  
  21  2:04  Drone  
  21  2:07  Queen  
  24  2:09  Queen  
  24  2:10  Drone  
  24  2:13  Drone  
  28  2:16  Extractor  
  28  2:21  Drone  
  28  2:24  Drone  
  29  2:32  Drone  
  29  2:33  Drone  
  31  2:41  Extractor  
  31  2:42  Drone  
  31  2:44  Drone  
  32  2:54  Queen, Evolution Chamber  
  32  2:56  Roach Warren  
  32  2:58  Drone  
  32  2:59  Drone  
  32  3:04  Overlord  
  34  3:08  Overlord  
  34  3:16  Overlord x2  
  34  3:20  Zerg Missile Weapons Level 1  
  34  3:25  Extractor, Overlord x3  
  33  3:31  Drone x3  
  36  3:36  Drone  
  36  3:37  Drone  
  38  3:44  Drone  
  39  3:59  Roach x3  
  39  4:00  Roach x3  
  39  4:02  Roach  
  53  4:10  Roach  
  53  4:11  Roach  
  53  4:16  Roach  
  59  4:20  Roach  
  63  4:24  Roach x3  
  67  4:31  Roach  
  67  4:32  Roach  
  73  4:38  Roach  
  73  4:44  Roach  
  73  4:45  Roach x3  
  81  5:06  Overlord  
  81  5:07  Hatchery  
  80  5:08  Lair  
  80  5:19  Spore Crawler  
  80  5:20  Spore Crawler  
  68  5:29  Drone x8  
  68  5:31  Drone  
  68  5:33  Drone  
  46  5:58  Queen  
  48  6:08  Spine Crawler  
  48  6:10  Overseer  
  47  6:12  Roach x6  
  47  6:16  Roach  
  47  6:17  Roach  
  63  6:31  Roach Warren  
  62  6:37  Drone x4  
  62  6:38  Drone x3  
  62  6:39  Drone  
  56  6:40  Drone  
  56  6:50  Drone x2  
  56  6:51  Drone  
  56  6:52  Drone  
Show
View Real Time Build Order
Export as new Build Order

Siska Protoss - Winner!

Build Orders: 1 Gate Expand, Dark Templar Rush 

Get SALT Encoding   

  12  0:01  Probe  
  13  0:13  Probe  
  14  0:20  Pylon  
  14  0:25  Probe  
  15  0:38  Probe (Chrono Boost)  
  15  0:41  Gateway  
  16  0:47  Probe (Chrono Boost)  
  17  0:50  Assimilator  
  17  0:52  Probe  
  18  1:05  Probe  
  19  1:21  Nexus  
  19  1:23  Probe  
  20  1:35  Cybernetics Core  
  20  1:41  Probe  
  20  1:45  Assimilator  
  21  1:53  Probe, Pylon  
  22  2:05  Probe  
  23  2:13  Stalker  
  23  2:14  Warp Gate  
  25  2:20  Probe  
  26  2:32  Twilight Council  
  26  2:34  Probe x2  
  28  2:42  Gateway  
  28  2:46  Probe x2  
  28  2:47  Adept (Chrono Boost)  
  32  2:58  Probe  
  32  3:05  Probe  
  34  3:09  Pylon  
  34  3:10  Probe  
  35  3:12  Charge  
  35  3:17  Probe  
  36  3:28  Probe  
  36  3:33  Probe  
  38  3:40  Probe  
  39  3:42  Dark Shrine  
  39  3:45  Probe  
  40  3:52  Probe  
  41  3:57  Probe  
  42  4:04  Probe  
  42  4:06  Assimilator  
  42  4:08  Assimilator  
  42  4:09  Probe  
  44  4:13  Gateway  
  44  4:16  Probe, Gateway  
  45  4:18  Pylon  
  45  4:22  Probe  
  46  4:28  Probe  
  47  4:33  Robotics Facility  
  47  4:34  Probe  
  48  4:40  Probe  
  49  4:46  Probe  
  50  4:56  Dark Templar  
  50  4:57  Dark Templar  
  52  5:07  Shield Battery  
  52  5:09  Shield Battery  
  52  5:11  Dark Templar  
  52  5:22  Dark Templar  
  54  5:30  Pylon  
  54  5:32  Dark Templar x2, Immortal (Chrono Boost)  
  62  6:10  Pylon  
  62  6:16  Pylon  
  62  6:18  Pylon  
  62  6:20  Pylon  
  56  6:44  Zealot x2  
  56  6:45  Zealot x2  
  60  6:52  Gateway  
  60  6:54  Gateway  
  60  6:55  Gateway  
  60  6:57  Gateway  
  60  7:00  Gateway  
Tags
 
Add a new tag
Caveats
  • Supply blocks, unpowered buildings, or Contaminate may cause inaccurate times.
  • Supply counts are checked every 10 seconds.